 Dungeon Crawl Stone Soup version 0.29.1-15-g9cfb28693d (webtiles) character file.

Game seed: 18429982814558993358

48 Sanktem7 the Trooper (level 3, -1/34 HPs)
             Began as a Minotaur Fighter on Mar 9, 2023.
             Slain by an orc
             ... wielding a +0 trident
              (5 damage)
             ... on level 2 of the Dungeon.
             The game lasted 00:01:41 (787 turns).

Sanktem7 the Trooper (Minotaur Fighter)              Turns: 787, Time: 00:01:42

Health: -1/34      AC:  7    Str: 22    XL:     3   Next: 50%
Magic:  2/2        EV:  9    Int:  5    God:
Gold:   41         SH:  4    Dex:  9    Spells: 2/2 levels left

rFire   . . .      SeeInvis .   a - +0 war axe {axe}
rCold   . . .      Faith    .   c - +0 buckler
rNeg    . . .      Spirit   .   b - +0 scale mail
rPois   .          Reflect  .   (helmet restricted)
rElec   .          Harm     .   (no cloak)
rCorr   .          Rampage  .   (no gloves)
Will    .....                   (no boots)
Stlth   ..........              g - amulet of regeneration {@e2}
HPRegen 0.91/turn               (no ring)
MPRegen 0.08/turn               (no ring)

@: no status effects
A: horns 2, retaliatory headbutt
a: no special abilities


You were on level 2 of the Dungeon.
You visited 1 branch of the dungeon, and saw 2 of its levels.

You collected 41 gold pieces.


Innate Abilities, Weirdness & Mutations

You have a pair of horns on your head.
You reflexively headbutt those who attack you in melee.


   Skills:
 * Level 4.5 Fighting
 * Level 3.4 Axes
 + Level 0.1 Throwing
 + Level 4.0 Armour
 - Level 3.6 Shields


You had 2 spell levels left.
You didn't know any spells.
Your spell library contained the following spells:

 Spells                   Type           Power      Damage    Failure   Level
 Call Canine Familiar     Summ           0%         N/A       99%         3
 Portal Projectile        Hex/Tloc       0%         N/A       99%         3
 Leda's Liquefaction      Hex/Erth       0%         N/A       100%        4

Inventory:

Hand Weapons
 a - a +0 war axe (weapon) {axe}
 h - a +2 sling of freezing
   (You found it on level 1 of the Dungeon)
Missiles
 i - 14 stones (quivered) {throwing}
Armour
 b - a +0 scale mail (worn)
 c - a +0 buckler (worn)
Jewellery
 g - an amulet of regeneration (around neck) {@e2}
   (You found it on level 1 of the Dungeon)
Scrolls
 j - 2 scrolls of identify {unknown}
 l - 2 scrolls of teleportation {unknown}
 n - a scroll of magic mapping {unknown}
 o - a scroll of poison {unknown}
 p - a scroll of torment {unknown}
Potions
 d - a potion of might
 e - 2 potions of heal wounds {unknown}
 f - 2 potions of curing {unknown}
 k - a potion of cancellation {unknown}
 m - a potion of flight {unknown}

Dungeon Overview and Level Annotations

Branches:
Dungeon (2/15) Zot: 11179

Altars:
Uskayaw

.#...####..# #.###.# ..
....[..[...##.#.# #.# .#
.#)..####.###.#.# #.# #
.#..## #.# #.#.# #.#### ##..#
#.# #.#.###.... ....# #.#
#.#.##...######## ##..# #.#
#.#[##..........#
....#####.###.#.##o#..#...#..
#...............@oo..........
#..#.####.###.####oo.........
..........>...# #...........
#.##.########## #....#...#..
#.##.# #..........# #)##.#
#.#.######## #.##.# #.#..
#†#.#. #.#### #..# #


You could see an orc priest and 4 orcs.


Message History

The bat hits you but does no damage. x2
The bat hits you but does no damage. x2
Things that are here:
a +0 club {mace}; a goblin corpse You miss the bat.
You headbutt the bat.
You kill the bat!
No target in view!
No target in view!
No target in view!
No target in view!
No target in view!
No target in view!
You now have 41 gold pieces (gained 9).
f - 2 viscous coppery potions (gained 1)
A goblin comes into view. It is wielding a +0 club.
Found a stone staircase leading up.
A goblin is nearby!
A goblin is nearby!
A goblin is nearby!
A rat comes into view.
The goblin closely misses you.
You hit the goblin.
You kill the goblin!
You see here a +0 club {mace}.
Found a hide-covered altar of Uskayaw.
You slash the rat!
You kill the rat!
No target in view!
No target in view!
You see here a +0 club {mace}.
Found an escape hatch in the floor.
No target in view!
p - a scroll labelled RIRGHU PEUTH
e - 2 clear potions (gained 1)
An endoplasm comes into view.
The endoplasm quivers.
An endoplasm is nearby!
An endoplasm is nearby!
You completely miss the endoplasm.
The endoplasm hits you but does no damage.
You hit the endoplasm. The endoplasm freezes you.
You are frozen.
The endoplasm hits you but does no damage. 😕 HP[-2]
You take 2 damage, and now have 32/34 hp.
You hit the endoplasm.
You kill the endoplasm! 😕 HP[+1] No target in view!
No target in view!
No target in view!
No target in view! 3 orcs come into view.
The orc shouts! x3; You hear a shout! 😎 HP[+1]
Your hp is fully restored (34).
There are monsters nearby!
There are monsters nearby! 2 orc priests come into view.
The orc priest shouts!
You hear a shout!
An orc comes into view. It is wielding a +0 dagger.
An orc wizard comes into view. It is wielding a +0 dagger.
The orc hits you but does no damage. x2
The orc priest looks braver for a moment.
The orc attacks as you move away! The orc misses you.
The orc hits you but does no damage. The orc closely misses you.
The orc priest begins to cast a cantrip, but forgets the words!
The orc wizard casts a spell.
The orc wizard flickers and vanishes!
Deactivating autopickup; reactivate with Ctrl-A.
The orc priest mumbles some strange prayers to Beogh against you.
Beogh smites you! 😮 HP[-16]
You take 16 damage, and now have 18/34 hp.
MASSIVE DAMAGE!! (PAUSE)
The orc attacks as you move away! The orc hits you with a +0 hand axe.
* * * LOW HITPOINT WARNING * * *
The orc attacks as you move away! The orc hits you with a +0 club.
* * * LOW HITPOINT WARNING * * *
😨 HP[-1]
You take 1 damage, and now have 17/34 hp.
The orc attacks as you move away! The orc misses you. You furiously retaliate!
You headbutt the orc. The orc attacks as you move away!
The orc hits you with a +0 club.
* * * LOW HITPOINT WARNING * * *
The orc priest miscasts a cantrip.
You hit the orc. You block the orc's attack.
The orc hits you but does no damage. The orc hits you with a +0 hand axe.
* * * LOW HITPOINT WARNING * * *
The orc priest mumbles some strange prayers to Beogh against you.
Beogh smites you!
* * * LOW HITPOINT WARNING * * *
The orc barely misses you. 😱 HP[-14]
You take 14 damage, and now have 3/34 hp.
MASSIVE DAMAGE!! (PAUSE)
You hit the orc. Your headbutt misses the orc. The orc closely misses you.
The orc hits you from afar with a +0 trident.
You die...

Skill      XL: |  1  2  3 |
---------------+----------+-----
Fighting       | 4 |  4.5
Axes           | 3 |  3.4
Armour         | 4 |  4.0
Throwing       | |  0.1
Shields        | |  3.6

Action                   || total
-------------------------++-------
Melee: War axe           ||    84
       Headbutt          ||    17
Armor: Scale mail        ||    57
Dodge: Dodged            ||    51
Block: Buckler           ||    18

Levels and vault maps discovered:
D:1:      onia_arrival_pyramid, layout_loops_ring
D:2:      cheibrodos_pilgrimage, layout_loops_ring, basic_altar,
          kennysheep_generic_room_15, uniq_crazy_yiuf_cottage

Notes
Turn   | Place    | Note
-------+----------+-------------------------------------------
     0 | D:1      | Sanktem7 the Minotaur Fighter began the quest for the Orb.
     0 | D:1      | Reached XP level 1. HP: 19/19 MP: 0/0
     0 | D:1      | magus.rc [v1.9.6]
    66 | D:1      | Reached XP level 2. HP: 23/27 MP: 1/1
    93 | D:1      | Reached skill level 4 in Fighting
   216 | D:1      | Reached skill level 3 in Axes
   354 | D:1      | Reached XP level 3. HP: 33/33 MP: 2/2
   390 | D:1      | Reached skill level 4 in Armour
   582 | D:1      | You pick up a book of the Hunter and begin reading...
   582 | D:1      | You add the spells Call Canine Familiar, Portal Projectile
                  | and Leda's Liquefaction to your library.
   748 | D:2      | Found a hide-covered altar of Uskayaw.
   786 | D:2      | HP: 3/34 [orc priest/divine providence (12)]
   787 | D:2      | Slain by an orc

Vanquished Creatures
  A worm (D:2)
  A dart slug (D:1)
  3 endoplasms
  3 giant cockroaches (D:1)
  4 goblins
  6 hobgoblins
  3 jackals (D:1)
  A quokka (D:1)
  3 ball pythons (D:1)
  5 bats
  2 frilled lizards (D:1)
  3 kobolds (D:1)
  6 rats
41 creatures vanquished.

Table legend:
 A = Non-vault XP
 B = Vault XP
 C = Vault XP percentage of total XP
 D = Non-vault monster count
 E = Vault monster count
 F = Vault count percentage of total count
                 A         B        C        D         E       F
            +---------+---------+-------+---------+---------+-------
      Total |      69 |       0 |   0.0 |      41 |       0 |   0.0
            +---------+---------+-------+---------+---------+-------
        D:1 |      54 |       0 |   0.0 |      34 |       0 |   0.0
        D:2 |      15 |       0 |   0.0 |       7 |       0 |   0.0
            +---------+---------+-------+---------+---------+-------

Illustrated notes

Table legend:
 A = Kills in this place as a percentage of kills in entire the game.
 B = Kills by you in this place as a percentage of kills by you in the entire game.
 C = Kills by friends in this place as a percentage of kills by friends in the entire game.
 D = Other kills in this place as a percentage of other kills in the entire game.
 E = Experience gained in this place as a percentage of experience gained in the entire game.
 F = Experience gained in this place divided by the number of levels of this place that you have seen.
                   A       B       C       D       E      F
               +-------+-------+-------+-------+-------+----------------------
         Total | 100.0 | 100.0 |   N/A |   N/A | 100.0 |  34.5
       Dungeon | 100.0 | 100.0 |   N/A |   N/A | 100.0 |  34.5
               +-------+-------+-------+-------+-------+----------------------

Table legend: (Time is in decaauts)
 A = Elapsed time spent in this place.
 B = Non-inter-level travel time spent in this place.
 C = Inter-level travel time spent in this place.
 D = Time resting spent in this place.
 E = Time spent auto-exploring this place.
 F = Levels seen in this place.
 G = Mean time per level.
                   A        B        C        D        E       F      G
               +--------+--------+--------+--------+--------+-----+--------+
         Total |    819 |    785 |     34 |      0 |    538 |   2 |  409.5 |
       Dungeon |    819 |    785 |     34 |      0 |    538 |   2 |  409.5 |
               +--------+--------+--------+--------+--------+-----+--------+

Top non-repeatable levels by time:
     D:1: 680 daAuts
     D:2: 138 daAuts
